 Dungeon Sprint DCSS version 0.29.1-2-gbd0b4ee654 (webtiles) character file.

Game seed: 8927559924320470370

1775 Zeld the Eclecticist (level 8, -11/41 HPs)
             Began as a Deep Elf Conjurer on Nov 1, 2022.
             Was an Elder of Sif Muna.
             Killed from afar by a burning bush (19 damage)
             ... with a puff of flame
             ... in the Dungeon (Sprint IV: "Fedhas' Mad Dash").
             The game lasted 00:02:51 (3238 turns).

Zeld the Eclecticist (Deep Elf Conjurer)            Turns: 3238, Time: 00:02:51

Health: -11/41     AC:  2    Str:  4    XL:     8   Next: 80%
Magic:  19/29      EV: 16    Int: 26    God:    Sif Muna [****..]
Gold:   51         SH:  0    Dex: 13    Spells: 26/37 levels left

rFire   . . .      SeeInvis .   (no weapon)
rCold   . . .      Faith    .   (no shield)
rNeg    . . .      Spirit   .   a - +0 robe
rPois   .          Reflect  .   (no helmet)
rElec   .          Harm     .   (no cloak)
rCorr   +          Rampage  .   (no gloves)
Will    .....      NoTele   +   (no boots)
Stlth   +++++.....              g - amulet of invisibility {+Inv}
HPRegen 0.13/turn               i - ring of resist corrosion
MPRegen 0.21/turn               (no ring)

@: very slightly contaminated, invisible (expiring)
A: no striking features
a: Renounce Religion, Evoke Invisibility, Channel Magic, Forget Spell, Divine
Exegesis


You were in the Dungeon.
You worshipped Sif Muna.
Sif Muna was greatly pleased with you.
You visited 1 branch You collected 136 gold pieces.
You spent 85 gold pieces at shops.

Inventory:

Armour
 a - a +0 robe (worn)
Jewellery
 g - the amulet of invisibility (around neck) {+Inv}
   (You found it in the Dungeon)

   [amulet of nothing]

   +Inv:      It lets you turn invisible.
 i - a ring of resist corrosion (left hand)
Scrolls
 c - a scroll of identify {unknown}
 h - a scroll of fear {unknown}
Potions
 b - 2 potions of magic
 d - 2 potions of heal wounds
 e - a potion of haste
 f - a potion of berserk rage
 j - a potion of lignification {unknown}


   Skills:
 + Level 10.0 Dodging
 + Level 10.9 Stealth
 * Level 15.0 Spellcasting
 * Level 13.2 Conjurations


You had 26 spell levels left.
You knew the following spells:

 Your Spells              Type           Power      Damage    Failure   Level
a - Magic Dart            Conj           100%       1d8       0%          1
b - Searing Ray           Conj           100%       2d8       1%          2
c - Fulminant Prism       Conj/Hex       26%        3d14      1%          4
d - Iskenderun's Mystic   Conj/Tloc      52%        2d11      1%          4

Your spell library contained the following spells:

 Spells                   Type           Power      Damage    Failure   Level
 Dazzling Flash           Conj/Hex       100%       N/A       1%          3


Dungeon Overview and Level Annotations

Branches:
Dungeon (1/1)

Altars:
Cheibriados
Dithmenos
Elyvilon
Gozag
Hepliaklqana
Kikubaaqudgha
Makhleb
Nemelex Xobeh
Okawaru
Qazlal
Ru
Sif Muna
Trog
Uskayaw
Vehumet
Wu Jian
Xom
Yredelemnul
Zin
The Shining One
Jiyva
Lugonu

Shops:
D ![*[


Message History

The searing ray hits the burning bush!
The burning bush is moderately damaged. (Press . to maintain the ray.) Unknown command.
The searing ray hits the burning bush but does no damage.
The burning bush is moderately damaged.
The burning bush throws fire at you. The puff of flame misses you.
The searing ray hits the burning bush!
The burning bush is moderately damaged.
The burning bush throws fire at you. The puff of flame hits you!
The searing ray hits the burning bush!
The burning bush is heavily damaged.
You finish channelling your searing ray.
Casting: Searing Ray (safe; 1% risk of failure)
Confirm with . or Enter, or press ? or * to list all spells.
Aiming: Searing Ray (safe; 1% risk of failure)
Press: ? - help, Shift-Dir - straight line, f/p - burning bush
Aim: a burning bush (heavily damaged, 100% to hit)
The searing ray hits the burning bush.
The burning bush is severely damaged. (Press . to maintain the ray.)
The burning bush throws fire at you. The puff of flame hits you!
The searing ray hits the burning bush.
The burning bush is severely damaged.
You flicker for a moment.
Unknown command.
The searing ray hits the burning bush.
The burning bush is severely damaged.
The burning bush throws fire at you. The puff of flame hits you!
* * * LOW HITPOINT WARNING * * *
The searing ray hits the burning bush!
The burning bush is almost destroyed.
You finish channelling your searing ray.
The burning bush throws fire at you. The puff of flame hits you!!
You die...

########################
#<..P#.....#.....#.⌠._._
#PP..'.[...'.#.(.'.._._.
#PPPP#.....#.#...#..._._
###############'##.._._.
#...♣........'...#._._._
#......♣.....#...#######
#.....♣..♣..######
##'####@##### #..#$$$$+
#..#P)### ######


You could see a burning bush.

Vanquished Creatures
  An oklob plant (D)
  A burning bush (D)
  A queen bee (D)
  2 wandering mushrooms (D)
  3 scorpions (D)
  4 oklob saplings (D)
  4 killer bees (D)
  2 spriggans (D)
  A river rat (D)
  A rat (D)
20 creatures vanquished.

Vanquished Creatures (others)
  3 fulminant prisms (D)
3 creatures vanquished.

Grand Total: 23 creatures vanquished

Notes
Turn   | Place    | Note
-------+----------+-------------------------------------------
     0 | D        | Zeld the Deep Elf Conjurer began the quest for the Orb.
     0 | D        | Reached XP level 1. HP: 10/10 MP: 6/6
    11 | D        | Reached skill level 4 in Spellcasting
    11 | D        | Reached skill level 5 in Conjurations
    11 | D        | Reached XP level 2. HP: 9/15 MP: 0/9
    22 | D        | Learned a level 2 spell: Searing Ray
   440 | D        | Noticed a scorpion
   440 | D        | Found the amulet of invisibility {+Inv}
   445 | D        | Killed a scorpion
   446 | D        | Reached skill level 6 in Spellcasting
   446 | D        | Reached XP level 3. HP: 12/19 MP: 2/13
   446 | D        | Reached XP level 4. HP: 16/24 MP: 2/14
   771 | D        | Found an opulent altar of Gozag.
   771 | D        | Found a hazy altar of Hepliaklqana.
   771 | D        | Found a burning altar of Makhleb.
   771 | D        | Found a sparkling altar of Nemelex Xobeh.
   771 | D        | Found a snail-covered altar of Cheibriados.
   771 | D        | Found a sacrificial altar of Ru.
   771 | D        | Found a shimmering blue altar of Sif Muna.
   771 | D        | Found a shimmering altar of Xom.
   771 | D        | Found a basalt altar of Yredelemnul.
   878 | D        | Found a viscous altar of Jiyva.
   878 | D        | Found a bloodstained altar of Trog.
   878 | D        | Found an ornate altar of the Wu Jian Council.
   879 | D        | Found an iron altar of Okawaru.
   879 | D        | Found a shadowy altar of Dithmenos.
   879 | D        | Found a glowing silver altar of Zin.
   880 | D        | Found an ancient bone altar of Kikubaaqudgha.
   880 | D        | Found a hide-covered altar of Uskayaw.
   881 | D        | Found a stormy altar of Qazlal.
   881 | D        | Found a glowing golden altar of the Shining One.
   881 | D        | Found a white marble altar of Elyvilon.
   882 | D        | Found a radiant altar of Vehumet.
   882 | D        | Found a corrupted altar of Lugonu.
   884 | D        | Became a worshipper of Sif Muna the Loreminder
   893 | D        | Reached skill level 5 in Dodging
   893 | D        | Reached skill level 5 in Stealth
   893 | D        | Reached skill level 7 in Spellcasting
   898 | D        | Learned a level 4 spell: Fulminant Prism
   903 | D        | Learned a level 4 spell: Iskenderun's Mystic Blast
  1285 | D        | Reached skill level 8 in Spellcasting
  1285 | D        | Reached XP level 5. HP: 28/28 MP: 8/17
  1343 | D        | Reached * piety under Sif Muna
  1346 | D        | Reached skill level 9 in Spellcasting
  1568 | D        | Found Zucvew's Antique Armour Shop.
  1568 | D        | Found Obybed's Distillery.
  1572 | D        | Bought a potion of heal wounds for 55 gold pieces
  1775 | D        | Noticed a burning bush
  1775 | D        | Noticed a wandering mushroom
  1779 | D        | Noticed a wandering mushroom
  1782 | D        | Killed a burning bush
  1782 | D        | Reached ** piety under Sif Muna
  1783 | D        | Reached skill level 11 in Spellcasting
  1783 | D        | Reached skill level 10 in Conjurations
  1783 | D        | Reached XP level 6. HP: 32/32 MP: 12/22
  1786 | D        | Killed a wandering mushroom
  1787 | D        | Reached skill level 12 in Spellcasting
  1787 | D        | Reached XP level 7. HP: 36/36 MP: 8/25
  1790 | D        | Killed a wandering mushroom
  1791 | D        | Reached skill level 13 in Spellcasting
  2229 | D        | Found Diyh Pyss's General Store.
  2230 | D        | Found Wennaid's Antique Armour Emporium.
  2237 | D        | Bought a potion of curing for 30 gold pieces
  2273 | D        | Reached *** piety under Sif Muna
  2509 | D        | Reached XP level 8. HP: 41/41 MP: 20/27
  2662 | D        | Noticed a queen bee
  2668 | D        | Reached **** piety under Sif Muna
  2669 | D        | Reached skill level 10 in Stealth
  2682 | D        | Killed a queen bee
  2683 | D        | Reached skill level 14 in Spellcasting
  3086 | D        | Noticed an oklob plant
  3100 | D        | Killed an oklob plant
  3101 | D        | Reached skill level 10 in Dodging
  3101 | D        | Reached skill level 15 in Spellcasting
  3229 | D        | Noticed a burning bush
  3238 | D        | Killed from afar by a burning bush

Illustrated notes

Levels and vault maps discovered:
D:        dungeon_sprint_fedhas [sprint_temple]

Skill      XL: |  1  2  3  4  5  6  7  8 |
---------------+-------------------------+-----
Dodging        | 3 4 5 7 8 9 10 | 10.0
Stealth        | 3 4 6 8 9 10 | 10.9
Spellcasting   | 4 6 8 11 12 13 15 | 15.0
Conjurations   | 5 6 8 10 11 13 | 13.2

Action                   |  1- 3 |  4- 6 |  7- 9 || total
-------------------------+-------+-------+-------++-------
Melee: Unarmed           |     5 |       |       ||     5
 Cast: Magic Dart        |     7 |       |       ||     7
       Searing Ray       |     3 |     5 |    11 ||    19
       Fulminant Prism   |       |     3 |       ||     3
       Iskenderun's Myst |       |     1 |     6 ||     7
 Abil: Evoke Invisibilit |       |     3 |     5 ||     8
  Use: Potion            |     1 |       |     3 ||     4
       Scroll            |     1 |       |       ||     1
Dodge: Dodged            |     6 |     2 |     5 ||    13
